 Dungeon Crawl Stone Soup version 0.26.1-2-gb8aa6d0cf2 (webtiles) character file.

Game seed: 16212115555205110668

25534 Qrupt the Fighter (level 12, 0/118 HPs)
             Began as a Palentonga Fighter on Feb 25, 2021.
             Was the Champion of Okawaru.
             Slain by a guardian serpent (11 damage)
             ... on level 3 of the Lair of Beasts.
             The game lasted 00:48:11 (18969 turns).

Qrupt the Fighter (Palentonga Fighter)             Turns: 18969, Time: 00:48:19

Health: 0/118      AC: 20    Str: 23    XL:     12   Next: 90%
Magic:  15/16      EV: 14    Int:  9    God:    Okawaru [******]
Gold:   1015       SH:  0    Dex: 11    Spells: 11/11 levels left

rFire    + . .     SeeInvis +   n - +0 great mace (protect)
rCold    . . .     Faith    .   (shield currently unavailable)
rNeg     . . .     Spirit   .   b - +0 scale mail
rPois    .         Reflect  .   T - +1 helmet
rElec    .         Harm     .   J - +2 cloak
rCorr    .         Rampage  .   (no gloves)
Will     .....                  (no barding)
Stlth    +.........             F - amulet of regeneration
HPRegen  0.69/turn              t - ring of protection from fire
MPRegen  0.15/turn              u - +4 ring of evasion

@: mighty, heroism, flying (expiring), slowed, curled up, very slow
A: large, rugged brown scales 3, see invisible, deformed body, roll 1, armoured
tail, reflexive curl
a: Rolling Charge, Renounce Religion, Heroism, Finesse


You were on level 3 of the Lair of Beasts.
You worshipped Okawaru.
Okawaru was exalted by your worship.
You visited 3 branches of the dungeon, and saw 15 of its levels.

You collected 1015 gold pieces.

Inventory:

Hand Weapons
 a - a +0 flail
 n - a +0 great mace of protection (weapon)
Missiles
 m - 57 poisoned darts
 D - a throwing net (quivered)
 Q - 5 curare-tipped darts
Armour
 b - a +0 scale mail (worn)
 c - a +0 kite shield
 J - a +2 cloak (worn)
 T - a +1 helmet (worn)
Jewellery
 i - a cursed amulet of inaccuracy {unknown}
 t - a ring of protection from fire (left hand)
 u - a +4 ring of evasion (right hand)
 x - a cursed amulet of reflection
 A - an uncursed amulet of the acrobat
 F - an amulet of regeneration (around neck)
 M - an uncursed ring of ice {unknown}
 N - an uncursed ring of willpower
 S - an uncursed ring of flight {unknown}
Wands
 r - a wand of digging (5)
 I - a wand of polymorph (10)
 P - a wand of flame (24)
Scrolls
 g - 2 scrolls of enchant weapon {unknown}
 h - a scroll of teleportation
 k - 4 scrolls of enchant armour
 o - 2 scrolls of fear {unknown}
 p - a scroll of fog {unknown}
 q - 2 scrolls of magic mapping
 s - 9 scrolls of remove curse
 w - 5 scrolls of immolation {unknown}
 y - a scroll of vulnerability {unknown}
 C - 4 scrolls of amnesia {unknown}
 E - a scroll of acquirement {unknown}
 L - a scroll of summoning {unknown}
Potions
 d - 2 potions of might
 e - 3 potions of haste
 j - 2 potions of flight
 l - 3 potions of brilliance
 v - 2 potions of ambrosia
 z - a potion of mutation {unknown}
 B - 3 potions of cancellation {unknown}
 G - 3 potions of invisibility {unknown}
 H - a potion of degeneration {unknown}
 O - a potion of lignification {unknown}


   Skills:
 + Level 11.6(16.6) Fighting
 + Level 11.4(16.4) Maces & Flails
 - Level 2.4(7.4) Armour
 + Level 10.0(15.0) Shields
 + Level 5.7 Invocations
 + Level 7.7 Evocations


You had 11 spell levels left.
You didn't know any spells.
Your spell library contained the following spells:

 Spells                   Type           Power        Failure   Level
 Beastly Appendage        Tmut           0%           67%         1
 Shock                    Conj/Air       0%           67%         1
 Wereblood                Tmut           0%           80%         2
 Confusing Touch          Hex            0%           95%         3
 Gell's Gravitas          Tloc           0%           95%         3
 Spider Form              Tmut/Pois      0%           95%         3
 Ice Form                 Ice/Tmut       0%           100%        4
 Petrify                  Tmut/Erth      0%           100%        4
 Blade Hands              Tmut           0%           100%        5
 Metabolic Englaciation   Hex/Ice        0%           100%        5
 Yara's Violent Unravell  Hex/Tmut       0%           100%        5


Dungeon Overview and Level Annotations

Branches:
Dungeon (11/15)            Temple (1/1) D:6            Lair (3/6) D:10
 Shoals (0/4) Lair:3
  Snake: Lair:2-4    Spider: Lair:2-4       Orc: D:9-12

Altars:
Ashenzari
Cheibriados
Dithmenos
Elyvilon
Fedhas
Gozag
Hepliaklqana
Kikubaaqudgha
Makhleb
Nemelex Xobeh
Okawaru
Qazlal
Ru
Sif Muna
Trog
Uskayaw
Vehumet
Wu Jian
Xom
Yredelemnul
Zin
The Shining One

Shops:
D:5 =

Annotations:
D:5 1 runed translucent door, execc's ghost, weakling GnDe


Innate Abilities, Weirdness & Mutations

You are completely covered in rugged brown scales. (AC +3, +7% HP)
You have supernaturally acute eyesight. (SInv)
Armour fits poorly on your strangely shaped body.
You can roll at nearby foes to attack.
You have a long armoured tail.
You curl defensively after being hit.


Message History

The guardian serpent is moderately wounded.
You feel sick. The guardian serpent hits you!
The guardian serpent coils itself and waves its upper body at you.
The bolt of poison hits you!!
You are more poisoned.
* * * LOW HITPOINT WARNING * * *
You feel better.
The guardian serpent casts a spell at you.
The guardian serpent closely misses you.
The lindwurm breathes flames at you. The blast of flame misses you.
The guardian serpent hits you!
* * * LOW HITPOINT WARNING * * *
You barely miss the guardian serpent.
The guardian serpent is moderately wounded.
The guardian serpent barely misses you. The lindwurm breathes flames at you.
The blast of flame hits you! You resist.
* * * LOW HITPOINT WARNING * * *
The guardian serpent hits you!
You die...

)..≈≈≈≈≈≈≈≈≈≈≈§§§≈≈......# #.....
...≈≈≈≈≈≈....§§§≈§≈.....## ##P÷..
..§§§≈≈.§.##...§≈§≈≈†....# ##...
.§§≈≈≈§.. ##..§§§§≈.....# #...
.§≈§§≈..# .#.§§§§§.....# ##...
.≈≈§§≈.## #.§≈§§§§...####....
.≈≈≈§≈.# ( ##.≈≈§§≈..#.##.÷..##
.§≈§≈≈.§ .$$.#.S≈≈§§...####..##.#
..≈§≈≈§. #.k≈@≈§≈.[[###..P####
..§§≈≈≈...##.§§≈≈≈§§..†......##
..(≈≈§§§§....§§§§§≈....#......###
...≈≈§≈§§§≈≈≈§§§§≈≈.............#
....≈§§≈§≈≈≈§§≈≈≈§...............
....§§§≈≈≈≈§§§≈≈≈...............P
....§§§≈§§≈§≈≈≈......#..........P
........§.≈≈...................PP
..........§......##..##....PP####


You could see a lindwurm (catching breath) and a guardian serpent.

Vanquished Creatures
  7 hydras
  Erolcha (D:11)
  A two-headed ogre (D:11)
  2 catoblepae (Lair:3)
  A lindwurm (Lair:3)
  A cyclops (D:11)
  A black mamba (Lair:2)
  Joseph (D:9)
  9 cane toads
  4 komodo dragons
  A polar bear (Lair:3)
  3 trolls
  7 blink frogs
  A wraith (D:10)
  26 yaks
  A wyvern (D:8)
  A golden eye (Lair:3)
  2 basilisks
  A steam dragon (Lair:3)
  Menkaure (D:5)
  7 water moccasins
  A floating eye (Lair:3)
  4 orc warriors
  3 phantoms
  An ice beast (D:10)
  3 sky beasts
  2 ogres
  3 black bears
  3 centaurs
  10 wolves
  A big kobold (D:9)
  15 bullfrogs
  A gnoll sergeant (D:8)
  5 scorpions
  A wyvern skeleton (D:8)
  4 wights (D:8)
  A bullfrog zombie (D:6)
  A gnoll shaman (D:4)
  8 hounds
  A jelly (D:9)
  9 orc wizards
  2 orc priests
  4 centaur skeletons
  An iguana (D:5)
  6 worker ants
  A hound zombie (D:7)
  A hound skeleton (D:10)
  2 worker ant zombies
  A howler monkey skeleton (D:3)
  16 adders
  17 gnolls
  2 white imps
  2 oozes
  3 ufetubi
  An adder zombie (D:7)
  An adder skeleton (D:6)
  4 worms (D:2)
  2 dart slugs
  4 leopard geckos
  36 orcs
  6 giant cockroaches
  7 goblins
  8 hobgoblins
  13 jackals
  4 kobolds
  7 quokkas
  2 ball pythons
  3 bats
  5 frilled lizards
  A quokka zombie (D:6)
  9 rats
327 creatures vanquished.

Vanquished Creatures (others)
  31 fungi
  23 plants
54 creatures vanquished.

Grand Total: 381 creatures vanquished

Notes
Turn   | Place    | Note
-------+----------+-------------------------------------------
     0 | D:1      | Qrupt the Palentonga Fighter began the quest for the Orb.
     0 | D:1      | Reached XP level 1. HP: 20/20 MP: 1/1
   115 | D:1      | Reached XP level 2. HP: 23/27 MP: 2/2
   830 | D:1      | Reached XP level 3. HP: 19/33 MP: 3/3
  1405 | D:2      | Found a shimmering blue altar of Sif Muna.
  1419 | D:2      | Identified Sif Muna's Reference Book on Flight
  1437 | D:2      | Reached XP level 4. HP: 5/42 MP: 4/4
  2051 | D:2      | Found a bloodstained altar of Trog.
  2193 | D:2      | Reached XP level 5. HP: 45/49 MP: 5/5
  3017 | D:3      | Reached XP level 6. HP: 42/56 MP: 6/6
  3409 | D:3      | Found a glowing golden altar of the Shining One.
  3409 | D:3      | Found an opulent altar of Gozag.
  3416 | D:3      | Found a hazy altar of Hepliaklqana.
  3418 | D:3      | Found a glowing silver altar of Zin.
  3420 | D:3      | Found a blossoming altar of Fedhas.
  4274 | D:4      | Reached skill level 5 in Fighting
  4390 | D:4      | Gained mutation: You curl defensively after being hit.
                  | [Palentonga growth]
  4390 | D:4      | Reached XP level 7. HP: 65/65 MP: 7/7
  5048 | D:5      | Entered Level 5 of the Dungeon
  5209 | D:5      | Reached skill level 5 in Maces & Flails
  5223 | D:5      | Found a runed translucent door.
  5224 | D:5      | Noticed execc's ghost (weakling GnDe)
  5225 | D:5      | Noticed Menkaure
  5459 | D:5      | Found a shadowy altar of Dithmenos.
  6092 | D:5      | Reached skill level 5 in Shields
  6391 | D:5      | Killed Menkaure
  6392 | D:5      | Reached XP level 8. HP: 69/74 MP: 8/8
  6531 | D:5      | Found Iwogofips's Jewellery Boutique.
  7629 | D:6      | Found a staircase to the Ecumenical Temple.
  7710 | Temple   | Entered the Ecumenical Temple
  7809 | Temple   | Became a worshipper of Warmaster Okawaru
  9165 | D:8      | Reached * piety under Okawaru
  9169 | D:8      | Reached XP level 9. HP: 70/84 MP: 9/9
 10267 | D:9      | Noticed a troll
 10275 | D:9      | Killed a troll
 10275 | D:9      | Reached ** piety under Okawaru
 10664 | D:9      | Noticed Joseph
 10683 | D:9      | Killed Joseph
 10684 | D:9      | Reached skill level 1 in Evocations
 10947 | D:10     | Entered Level 10 of the Dungeon
 11219 | D:10     | Reached XP level 10. HP: 93/96 MP: 10/10
 11365 | D:10     | Found a shimmering blue altar of Sif Muna.
 11515 | D:10     | Reached *** piety under Okawaru
 11636 | D:10     | Found a staircase to the Lair.
 12070 | Lair:1   | Entered Level 1 of the Lair of Beasts
 12080 | Lair:1   | Noticed a four-headed hydra
 12094 | Lair:1   | Killed a four-headed hydra
 12153 | Lair:1   | Noticed a cane toad
 12347 | D:11     | Reached **** piety under Okawaru
 12500 | D:11     | Noticed a boulder beetle
 12716 | D:11     | Noticed a two-headed ogre
 12731 | D:11     | Killed a two-headed ogre
 13083 | D:11     | Reached XP level 11. HP: 94/105 MP: 11/11
 13226 | D:11     | Reached ***** piety under Okawaru
 13317 | D:11     | Reached skill level 10 in Fighting
 13402 | D:11     | Noticed Erolcha
 13413 | D:11     | Killed Erolcha
 13414 | D:11     | Reached skill level 5 in Evocations
 13980 | Lair:1   | Noticed a seven-headed hydra
 13993 | Lair:1   | Killed a seven-headed hydra
 13994 | Lair:1   | Reached skill level 10 in Maces & Flails
 14090 | Lair:1   | Noticed a four-headed hydra
 14102 | Lair:1   | Killed a four-headed hydra
 14755 | Lair:1   | Reached skill level 1 in Invocations
 14987 | Lair:1   | HP: 2/108 [blink frog (16)]
 15201 | Lair:1   | Received a gift from Okawaru
 15289 | Lair:2   | Noticed a seven-headed hydra
 15349 | Lair:2   | Killed a seven-headed hydra
 15368 | Lair:2   | Noticed a seven-headed hydra
 15469 | Lair:2   | Reached XP level 12. HP: 49/115 MP: 14/14
 16176 | Lair:1   | Reached ****** piety under Okawaru
 16474 | Lair:2   | Killed a seven-headed hydra
 16649 | Lair:2   | Noticed a seven-headed hydra
 16658 | Lair:2   | Killed a seven-headed hydra
 17399 | Lair:3   | Found a staircase to the Shoals.
 17425 | Lair:3   | Noticed a four-headed hydra
 17438 | Lair:3   | Killed a four-headed hydra
 17438 | Lair:3   | Received a gift from Okawaru
 17734 | Lair:3   | Reached skill level 5 in Invocations
 18421 | Lair:3   | Noticed Sonja
 18424 | Lair:3   | Noticed Sonja
 18424 | Lair:3   | Sonja changed into Sonja the golden eye
 18446 | Lair:3   | Killed Sonja the golden eye
 18488 | Lair:3   | Noticed a catoblepas
 18499 | Lair:3   | Killed a catoblepas
 18689 | Lair:3   | Noticed a catoblepas
 18756 | Lair:3   | Killed a catoblepas
 18757 | Lair:3   | Reached skill level 10 in Shields
 18844 | Lair:3   | Paralysed by a floating eye for 4 turns
 18969 | Lair:3   | Slain by a guardian serpent

Illustrated notes

Levels and vault maps discovered:
D:1:      eino_arrival_cavern_b, layout_rooms, kennysheep_boxes
D:2:      layout_loops_ring, nzn_overflow_gifts_of_might_and_magic,
          cheibrodos_gnoll_hut
D:3:      layout_loops_cross, chequers_temple_overflow_minitemple
D:4:      minmay_evil_eye, layout_basic, serial_corexii_hall,
          corexii_hall_statues_x, corexii_hall_statues_s
D:5:      layout_rooms, old_standard_altar, serial_shops, nicolae_shop_stone,
          gammafunk_ghost_grave, minmay_diced_spiral, uniq_menkaure
D:6:      layout_gridville, minmay_temple_entry_poolview,
          hangedman_decor_riveting
D:7:      layout_rooms, serial_aquarium, aquarium_bridge_square
          [aquarium_subvault_bridge, aquarium_subvault_bridge,
          aquarium_subvault_bridge, aquarium_subvault_wall],
          aquarium_bridge_square [aquarium_subvault_window,
          aquarium_subvault_bridge, aquarium_subvault_wall,
          aquarium_subvault_window], aquarium_window_fake,
          aquarium_window_corner, aquarium_window_fake, aquarium_window_2,
          aquarium_view_4, aquarium_view_2d, aquarium_pool_split
D:8:      layout_basic
D:9:      layout_stronghold, minivault_23, kennysheep_generic_room_16,
          uniq_joseph
D:10:     layout_loops_ring, grunt_lair_entry_orc_guard_hut, basic_altar
D:11:     layout_grid_maze, uniq_erolcha
Temple:   nicolae_temple_great_sept
Lair:1:   layout_chaotic_city
Lair:2:   layout_small_grid, gauntlet_entry_generic, grunt_megastairs_3
Lair:3:   layout_cave_pods, shoals_dummy_entry, minmay_lindwurm_lava, uniq_sonja

Skill      XL: |  1  2  3  4  5  6  7  8  9 10 11 12 |
---------------+-------------------------------------+-----
Shields        | 3 4 5 6 7 8 9 10 | 10.0
Maces & Flails | 3 4 5 7 8 9 10 11 | 11.4
Fighting       | 4 5 6 7 8 9 10 11 | 11.6
Evocations     | 2 4 6 7 |  7.7
Invocations    | 2 5 |  5.7
Armour         | |  2.4

Action                   |  1- 3 |  4- 6 |  7- 9 | 10-12 || total
-------------------------+-------+-------+-------+-------++-------
Melee: Flail             |   125 |   225 |   556 |   712 ||  1618
       Tailslap          |    14 |    28 |    67 |   119 ||   228
       Dagger            |       |    15 |       |       ||    15
       Great mace        |       |       |       |    87 ||    87
Throw: Dart              |       |       |     3 |       ||     3
       Throwing net      |       |       |       |     4 ||     4
Invok: Heroism           |       |       |       |     6 ||     6
 Abil: Rolling Charge    |     8 |     1 |     7 |    29 ||    45
Evoke: Wand              |       |       |       |    62 ||    62
  Use: Scroll            |     2 |     4 |     4 |     9 ||    19
       Potion            |       |       |     1 |     9 ||    10
 Stab: Distracted        |       |     1 |       |       ||     1
       Held in net/web   |       |       |       |     5 ||     5
Armor: Scale mail        |    53 |    82 |   131 |   213 ||   479
Dodge: Dodged            |    21 |    58 |   224 |   336 ||   639
Block: Kite shield       |    61 |   129 |   312 |   384 ||   886
